 Dungeon Crawl Stone Soup version 0.29-a0-359-g541a27f54d (webtiles) character file.

Game seed: 6684763075953967833

32 Colgate the Sneak (level 3, 0/21 HPs)
             Began as a Kobold Brigand on Apr 28, 2022.
             Slain by Robin
             ... wielding a +0 dagger
              (4 damage)
             ... on level 2 of the Dungeon.
             The game lasted 00:02:33 (756 turns).

Colgate the Sneak (Kobold Brigand)                   Turns: 756, Time: 00:02:33

Health: 0/21       AC: 13    Str:  8    XL:     3   Next: 45%
Magic:  3/3        EV: 12    Int: 14    God:
Gold:   20         SH:  0    Dex: 16    Spells: 2/2 levels left

rFire   . . .      SeeInvis .   a - +2 dagger (protect)
rCold   . . .      Faith    .   (no shield)
rNeg    + . .      Spirit   .   j - +0 ring mail
rPois   .          Reflect  .   (no helmet)
rElec   .          Harm     .   c - +0 cloak
rCorr   .          Rampage  .   (no gloves)
Will    .....                   (no boots)
Stlth   +++.......              (no amulet)
HPRegen 0.07/turn               h - ring of positive energy
MPRegen 0.08/turn               (no ring)

@: under a protective aura
A: small, no large weapons, nightstalker 3
a: no special abilities


You were on level 2 of the Dungeon.
You visited 1 branch of the dungeon, and saw 2 of its levels.

You collected 20 gold pieces.

Inventory:

Hand Weapons
 a - a +2 dagger of protection (weapon)
 b - a +0 dagger of venom
Missiles
 d - 9 poisoned darts (quivered)
 e - 3 curare-tipped darts
Armour
 c - a +0 cloak (worn)
 i - a +0 robe
 j - a +0 ring mail (worn)
 k - a scarf of harm
Jewellery
 h - a ring of positive energy (left hand)
Scrolls
 g - 3 scrolls of identify {unknown}
 l - a scroll of acquirement {unknown}
 n - a scroll of fog {unknown}
Potions
 f - 3 potions of curing {unknown}
 m - 2 potions of mutation {unknown}


   Skills:
 - Level 2.1 Fighting
 + Level 4.8 Short Blades
 - Level 2.1 Throwing
 - Level 1.2 Dodging
 - Level 5.3 Stealth


You had 2 spell levels left.
You didn't know any spells.
Your spell library contained the following spells:

 Spells                   Type           Power      Damage    Failure   Level
 Summon Ice Beast         Ice/Summ       0%         N/A       100%        4
 Freezing Cloud           Conj/Ice/Air   0%         6-21      100%        5
 Summon Mana Viper        Hex/Summ       0%         N/A       100%        5
 Simulacrum               Ice/Necr       0%         N/A       100%        6
 Monstrous Menagerie      Summ           0%         N/A       100%        7
 Polar Vortex             Ice            0%         N/A       100%        9


Dungeon Overview and Level Annotations

Branches:
Dungeon (2/15)

Altars:

Shops:
D:1 [

Annotations:
D:2 Robin


Innate Abilities, Weirdness & Mutations

You are small and have problems with some larger weapons.
You are completely attuned to the shadows.


Message History

There are monsters nearby!
You are too injured to fight recklessly!
There are monsters nearby!
You are too injured to fight recklessly!
There are monsters nearby!
You are too injured to fight recklessly!
There are monsters nearby!
You are too injured to fight recklessly!
There are monsters nearby!
You are too injured to fight recklessly!
There are monsters nearby!
You are too injured to fight recklessly!
There are monsters nearby!
You hit the goblin.
You kill the goblin!
The goblin barely misses you. The goblin hits you but does no damage.
A hobgoblin comes into view.
The goblin barely misses you.
You barely miss Robin. The goblin barely misses you.
Robin hits you but does no damage. The goblin hits you with a +0 club.
The goblin closely misses you.
You hit Robin. You barely miss Robin. The goblin closely misses you.
Robin hits you but does no damage. The goblin hits you but does no damage.
The goblin hits you with a +0 club.
* * * LOW HITPOINT WARNING * * *
A hobgoblin comes into view.
You hit Robin but do no damage. Robin completely misses you.
The goblin hits you but does no damage. x2; The goblin barely misses you.
You hit Robin. The goblin misses you.
Robin roars a battlecry!
The goblin closely misses you. The goblin hits you but does no damage.
You hit Robin. The goblin hits you but does no damage.
A hobgoblin comes into view.
The goblin hits you but does no damage. The goblin misses you.
You hit Robin. You hit Robin. The goblin misses you.
Robin flexes a bicep menacingly.
Robin hits you with a +0 dagger.
You die...

#.##.##### #.#......#
########.#..# #.# .#
#........#..###.##
.gg#g###....)......##
gggg@g.....##.#.##.##
##g#g###...##.#.##.##
# #g# ######........
#g# ###.##### ... #.#
# # # #


You could see Robin, 6 hobgoblins and 5 goblins.

Vanquished Creatures
  A dart slug (D:1)
  A worm (D:2)
  5 bats
  4 endoplasms (D:1)
  3 hobgoblins (D:1)
  2 ball pythons
  A frilled lizard (D:1)
  5 goblins
  3 kobolds (D:1)
  2 rats (D:1)
27 creatures vanquished.

Notes
Turn   | Place    | Note
-------+----------+-------------------------------------------
     0 | D:1      | Colgate the Kobold Brigand began the quest for the Orb.
     0 | D:1      | Reached XP level 1. HP: 12/12 MP: 1/1
    67 | D:1      | Reached XP level 2. HP: 17/17 MP: 2/2
   343 | D:1      | Found Daman's Armour Boutique.
   428 | D:1      | Reached XP level 3. HP: 21/21 MP: 3/3
   578 | D:1      | Got the Reference Book on the Snowflakes
   741 | D:2      | Noticed Robin
   756 | D:2      | Slain by Robin

Illustrated notes

Levels and vault maps discovered:
D:1:      scummos_arrival_forest, layout_basic, serial_shops,
          nicolae_shop_crystal
D:2:      layout_loops_cross, basic_altar, roderic_lattice_a, uniq_robin

Skill      XL: |  1  2 |
---------------+-------+-----
Short Blades   | 3 4 |  4.8
Fighting       | |  2.1
Throwing       | |  2.1
Dodging        | |  1.2
Stealth        | |  5.3

Action                   || total
-------------------------++-------
Melee: Dagger            ||    57
       Punch             ||     1
 Stab: Sleeping          ||    19
Armor: Ring mail         ||    13
Dodge: Dodged            ||    30

Table legend: (Time is in decaauts)
 A = Elapsed time spent in this place.
 B = Non-inter-level travel time spent in this place.
 C = Inter-level travel time spent in this place.
 D = Time resting spent in this place.
 E = Time spent auto-exploring this place.
 F = Levels seen in this place.
 G = Mean time per level.
                   A        B        C        D        E       F      G
               +--------+--------+--------+--------+--------+-----+--------+
         Total |    742 |    649 |     93 |      0 |    490 |   2 |  371.0 |
       Dungeon |    742 |    649 |     93 |      0 |    490 |   2 |  371.0 |
               +--------+--------+--------+--------+--------+-----+--------+

Top non-repeatable levels by time:
     D:1: 661 daAuts
     D:2: 81 daAuts
